 Dungeon Crawl Stone Soup version 0.31.0-9-g3a7656b989 (console) character file.

Game seed: 7113459160057436931

1836 AlterAsc the Cleaver (level 9, -1/57 (64) HPs)
             Began as a Formicid Fighter on Jan 30, 2024.
             Slain by a wight
             ... wielding a +3 battleaxe
              (5 damage)
             ... on level 7 of the Dungeon.
             The game lasted 00:11:15 (6158 turns).

AlterAsc the Cleaver (Formicid Fighter)             Turns: 6158, Time: 00:11:15

HP:   -1/57 (64)    AC: 12    Str: 24    XL:     9   Next: 33%
MP:   9/9           EV:  8    Int:  9    God:
Gold: 342           SH:  5    Dex: 13    Spells: 8/8 levels left

rFire   . . .        a - +0 war axe
rCold   . . .        c - +0 buckler
rNeg    . . .        r - +0 chain mail
rPois   .            (helmet unavailable)
rElec   .            e - +0 cloak
rCorr   .            m - +0 pair of gloves
SInv    +            u - +0 pair of boots
Will    .....        (no amulet) Stlth
                     (no ring)
HPRegen 0.29/turn    (no ring)
MPRegen 0.11/turn

%: no passive effects
@: heavily drained
A: permanent stasis, dig shafts and tunnels, antennae 3, four strong arms
a: Dig, Shaft Self


You were on level 7 of the Dungeon.
You visited 1 branch of the dungeon, and saw 7 of its levels.

You collected 366 gold pieces.
You spent 24 gold pieces at shops.

Inventory:

Hand Weapons
 a - a +0 war axe (weapon)
 i - a +0 spear of venom
Missiles
 o - 4 boomerangs (quivered)
 t - 19 poisoned darts
Armour
 c - a +0 buckler (worn)
 e - a +0 cloak (worn)
 g - a +0 tower shield
 m - a +0 pair of gloves (worn)
 r - a +0 chain mail (worn)
 u - a +0 pair of boots (worn)
 x - the +1 ring mail of Zefaxats {rN+}
   (You found it on level 6 of the Dungeon)

   rN+:       It protects you from negative energy.
Jewellery
 l - a ring of positive energy
Wands
 p - a wand of charming (20)
Scrolls
 b - a scroll of poison {unknown}
 d - a scroll of silence {unknown}
 f - 3 scrolls of noise {unknown}
 k - a scroll of torment {unknown}
 n - 3 scrolls of teleportation {unknown}
 v - a scroll of blinking {unknown}
Potions
 h - 3 potions of enlightenment
 j - 5 potions of curing
 q - 2 potions of haste
 s - 4 potions of mutation
 w - 2 potions of lignification


   Skills:
 - Level 3.2 Fighting
 + Level 11.6 Axes
 - Level 3.2 Armour
 - Level 4.0 Shields


You had 8 spell levels left.
You didn't know any spells.
Your spell library contained the following spells:

 Spells                   Type           Power      Damage    Failure   Level
 Freeze                   Ice            0%         1d3       95%         1
 Summon Small Mammal      Summ           0%         N/A       95%         1
 Lesser Beckoning         Tloc           0%         N/A       99%         2
 Momentum Strike          Conj/Tloc      0%         3d8       99%         2
 Call Canine Familiar     Summ           0%         N/A       100%        3
 Frozen Ramparts          Ice            0%         1d1       100%        3
 Hailstorm                Conj/Ice       0%         3d5       100%        3
 Sigil of Binding         Hex            0%         N/A       100%        3
 Dimensional Bullseye     Hex/Tloc       0%         N/A       100%        4
 Summon Blazeheart Golem  Fire/Summ      0%         N/A       100%        4
 Blink                    Tloc           Unusable   N/A       N/A         2

Dungeon Overview and Level Annotations

Branches:
Dungeon (7/15)
 Temple: D:4-7

Altars:
Hepliaklqana
Kikubaaqudgha
Makhleb
Okawaru
Qazlal
Sif Muna

Shops:
D:2 *   D:6 (

Annotations:
D:6 2 transporters


Innate Abilities, Weirdness & Mutations

You cannot be hasted, slowed, berserked, paralysed or teleported.
You can dig through walls and to a lower floor.
You have a pair of large antennae on your head. (SInv)
Your four strong arms can wield two-handed weapons with a shield.


Message History

You hit the wight.
The wight is severely damaged.
You hit the wight but do no damage.
The wight is severely damaged.
You block the wight's attack. x2
The wight barely misses you.
You see here a +0 chain mail.
You start resting.
A wight is nearby!
The wight barely misses you. The wight hits you with a +0 trident.
You slash the wight!
The wight is severely damaged.
The wight closely misses you.
You barely miss the wight.
The wight is severely damaged.
The wight hits you but does no damage.
You hit the wight but do no damage.
The wight is severely damaged.
You block the wight's attack.
You hit the wight but do no damage.
The wight is severely damaged.
The wight hits you with a +0 trident!
You feel drained.
You barely miss the wight.
The wight is severely damaged.
You block the wight's attack.
You slash the wight!
You destroy the wight!
You closely miss the wight. The wight barely misses you.
You barely miss the wight. You block the wight's attack.
You hit the wight but do no damage. The wight hits you with a +3 battleaxe!
You barely miss the wight. You closely miss the wight.
The wight hits you with a +3 battleaxe!
You feel drained.
* * * LOW HITPOINT WARNING * * *
You hit the wight.
The wight is lightly damaged.
The wight hits you with a +3 battleaxe!
* * * LOW HITPOINT WARNING * * *
You feel drained.
You die...

#..#..##....≈≈≈.#
##.##....≈≈≈≈#≈.##
##....≈≈≈≈#≈≈≈≈..####
#....z≈#≈≈≈≈#≈≈≈..##.
#..##.≈≈≈#≈≈≈≈#≈.....
....
#..≈≈≈≈#≈≈≈≈..##. ...
##z≈#≈≈≈≈#≈≈≈.##. ##
#.≈≈≈#≈≈≈≈#≈.##.
#..≈≈≈≈#≈≈≈≈.#.. ###
######..≈#≈≈≈≈....(..
#.#
#...@zz.≈≈≈.........#
#.###
#..####.............#
##..####.##
###....##......
##..##..#
###.###......
##.....# #####
#..#### ##...## ##..#
##.## #...#######...#
#..## ##............#
##..##
#....###......# ###..
#.#### ####...# ##.
########)# #..## ##


You could see 2 wights.

Vanquished Creatures
  Grinder (D:3)
  An ice beast (D:6)
  2 black bears
  2 centaurs
  2 phantoms
  A kobold brigand (D:6)
  A scorpion (D:5)
  A wight (D:7)
  3 killer bees (D:7)
  A howler monkey (D:5)
  A bombardier beetle (D:3)
  4 hounds
  A jelly (D:6)
  A gnoll bouda (D:5)
  Jessica (D:3)
  Terence (D:2)
  4 iguanas
  An orc wizard (D:4)
  Robin (D:2)
  8 gnolls
  14 adders
  A white imp (D:6)
  4 ufetubi
  A ribbon worm (D:2)
  A dart slug (D:2)
  5 orcs
  9 endoplasms
  2 giant cockroaches
  17 goblins
  6 hobgoblins
  4 jackals (D:1)
  6 quokkas
  13 ball pythons
  13 bats
  2 frilled lizards
  12 kobolds
  4 rats (D:1)
152 creatures vanquished.

Notes
Turn   | Place    | Note
-------+----------+-------------------------------------------
     0 | D:1      | AlterAsc the Formicid Fighter began the quest for the Orb.
     0 | D:1      | Reached XP level 1. HP: 18/18 MP: 1/1
    81 | D:1      | Reached XP level 2. HP: 24/24 MP: 2/2
   265 | D:1      | Reached skill level 3 in Axes
   320 | D:1      | Reached XP level 3. HP: 20/29 MP: 3/3
   896 | D:2      | Reached skill level 4 in Axes
   896 | D:2      | Reached XP level 4. HP: 35/35 MP: 4/4
   916 | D:2      | Found Agemp's General Store.
   924 | D:2      | Bought a scroll of identify for 24 gold pieces
   995 | D:2      | Reached XP level 5. HP: 36/41 MP: 5/5
  1065 | D:2      | Reached skill level 5 in Axes
  1169 | D:2      | Found an ancient bone altar of Kikubaaqudgha.
  1220 | D:2      | Noticed Robin
  1230 | D:2      | Killed Robin
  1391 | D:2      | Noticed Terence
  1399 | D:2      | Killed Terence
  1400 | D:2      | Reached XP level 6. HP: 45/47 MP: 6/6
  1798 | D:3      | Noticed Grinder
  1809 | D:3      | Killed Grinder
  1810 | D:3      | Reached skill level 7 in Axes
  1810 | D:3      | Reached XP level 7. HP: 27/52 MP: 7/7
  1913 | D:3      | Noticed Jessica
  1918 | D:3      | Killed Jessica
  2957 | D:4      | Found an iron altar of Okawaru.
  3564 | D:4      | Reached skill level 8 in Axes
  3772 | D:5      | Entered Level 5 of the Dungeon
  3777 | D:5      | Found a burning altar of Makhleb.
  3802 | D:5      | Reached XP level 8. HP: 49/58 MP: 8/8
  3863 | D:5      | Found a stormy altar of Qazlal.
  4019 | D:5      | Reached skill level 9 in Axes
  4180 | D:5      | Found a hazy altar of Hepliaklqana.
  4622 | D:5      | Reached skill level 10 in Axes
  4967 | D:6      | Found a transporter.
  4968 | D:6      | Noticed a fire bat
  5052 | D:6      | Identified the +1 ring mail of Zefaxats {rN+}
  5074 | D:6      | Found a transporter.
  5139 | D:6      | Found Tyuzovyn's Antique Weapon Shoppe.
  5221 | D:6      | Found a shimmering blue altar of Sif Muna.
  5320 | D:6      | Reached XP level 9. HP: 32/64 MP: 9/9
  5796 | D:7      | Reached skill level 11 in Axes
  6158 | D:7      | Slain by a wight

Illustrated notes

Levels and vault maps discovered:
D:1:      heliophobic_arrival_enchanted_forest, layout_basic
D:2:      layout_basic, serial_shops, shop, basic_altar, minmay_snake_closets,
          uniq_robin, uniq_terence
D:3:      layout_loops_corners, serial_glass, glass_columns_b, glass_columns_a,
          uniq_grinder, uniq_jessica
D:4:      cheibrodos_greedy_goblins, layout_basic, okawaru_metal_pillars_3,
          goddamned_bats
D:5:      layout_basic, grunt_qazlal_sundering, lemuel_round_altar,
          bloody_makhleb, minivault_19
D:6:      gammafunk_cloud_chamber, layout_basic, lemuel_blue_sif_altar,
          serial_shops, shop
D:7:      layout_layer_cave, cheibrodos_ashenzari_chains,
          minmay_temple_entry_ruins, grunt_ogre_cave, nicolae_lava_and_water,
          nicolae_stop_n_shop_1, uniq_maggie

Skill      XL: |  1  2  3  4  5  6  7  8  9 |
---------------+----------------------------+-----
Axes           | 3 4 5 7 8 10 11 | 11.6
Fighting       | |  3.2
Armour         | |  3.2
Shields        | |  4.0

Action                     |  1- 3 |  4- 6 |  7- 9 || total
---------------------------+-------+-------+-------++-------
  Melee: War axe           |    92 |   110 |   285 ||   487
    Use: Potion            |       |     1 |       ||     1
         Scroll            |       |       |     5 ||     5
 Armour: Scale mail        |    74 |    69 |    54 ||   197
         Chain mail        |       |       |   211 ||   211
  Dodge: Dodged            |    71 |    57 |   138 ||   266
  Block: Buckler           |    35 |    29 |    86 ||   150
